 Dungeon Crawl Stone Soup version 0.19.0-19-g8c6edcc (webtiles) character file.

2183 tomat the Cudgeler (level 9, -2/84 HPs)
             Began as a Troll Fighter on Nov 12, 2016.
             Was an Initiate of the Shining One.
             Killed by divine providence
             ... invoked by an orc priest
              (11 damage)
             ... on level 7 of the Dungeon on Nov 13, 2016.
             The game lasted 00:31:21 (5375 turns).

tomat the Cudgeler (Troll Fighter)                  Turns: 5375, Time: 00:31:22

Health: -2/84      AC: 16    Str: 28    XL:     9   Next: 11%
Magic:  0/8        EV: 10    Int:  4    God:    the Shining One [......]
Gold:   332        SH: 10    Dex: 10    Spells: 0 memorised, 8 levels left

rFire  . . .     SeeInvis .     x - +1 mace (protect)
rCold  . . .     Gourm    +     B - +1 robe
rNeg   . . .     Faith    .     c - +0 shield
rPois  .         Spirit   +     (helmet restricted)
rElec  .         Reflect  .     (no cloak)
rCorr  .         Harm     .     (gloves unavailable)
MR     .....                    (boots unavailable)
Stlth  +.........               y - amulet of guardian spirit
                                (no ring)
                                l - +4 ring of protection

@: protection aura, glowing
A: unfitting armour, antennae 1, claws 3, deformed body, fast metabolism 3,
gourmand, sense surroundings 1, regeneration 1, shaggy fur 1, tough skin 2
a: Renounce Religion


You were on level 7 of the Dungeon.
You worshipped the Shining One.
The Shining One was noncommittal.
You were not hungry.

You visited 1 branch of the dungeon, and saw 7 of its levels.

You collected 397 gold pieces.
You spent 65 gold pieces at shops.

Inventory:

Hand Weapons
 p - a +0 trident of piercing
 x - a +1 mace of protection (weapon)
Missiles
 j - 5 exploding tomahawks (quivered)
Armour
 c - a +0 shield (worn)
 B - a +1 robe (worn)
Jewellery
 b - an uncursed amulet of the gourmand
 l - a +4 ring of protection (left claw)
 y - an amulet of guardian spirit (around neck)
Wands
 m - a wand of flame (33/48)
 v - a wand of acid (8/15)
Scrolls
 a - a scroll of enchant armour
 g - a scroll of immolation
 h - a scroll of teleportation
 o - 2 scrolls of remove curse
 q - a scroll of recharging
 s - 2 scrolls of random uselessness
 w - 7 scrolls of identify
 D - a scroll of noise {unknown}
Potions
 d - a potion of might
 e - 2 potions of lignification
 k - a potion of degeneration
 t - a potion of haste {unknown}
 u - a potion of cancellation {unknown}
 z - a potion of brilliance
 A - 2 potions of curing
 C - a potion of invisibility {unknown}
Comestibles
 f - 7 bread rations
 i - 4 slices of pizza
 n - 4 meat rations
 r - 2 beef jerkies


   Skills:
 + Level 4.2 Fighting
 + Level 6.9 Maces & Flails
 + Level 0.4 Polearms
 + Level 5.6 Dodging
 + Level 0.5 Stealth
 + Level 5.3 Shields


You had 8 spell levels left.
You didn't know any spells.

Dungeon Overview and Level Annotations

Branches:
Dungeon (7/15)             Temple (0/1) D:5

Altars:
Ashenzari
The Shining One

Shops:
D:5 *   D:7 !


Innate Abilities, Weirdness & Mutations

You are too large for most types of armour.
You have claws for hands.
Your metabolism is lightning-fast.
You like to eat raw meat.
Your natural rate of healing is unusually fast.
You are covered in fur. (AC +1)
You have very tough skin. (AC +2)
You have a pair of small antennae on your head.
Armour fits poorly on your strangely shaped body.
You passively map a small area around you.


Message History

The orc warrior is severely wounded.
The orc priest mumbles some strange prayers to Beogh against you.
Beogh smites you!
* * * LOW HITPOINT WARNING * * *
The orc warrior hits you with a short sword!
* * * LOW HITPOINT WARNING * * *
The orc priest begins to cast a cantrip, but forgets the words!
You hit the orc warrior.
The orc warrior is almost dead.
The orc warrior hits you with a short sword.
* * * LOW HITPOINT WARNING * * *
The orc warrior hits you but does no damage.
The orc warrior throws a tomahawk.
The tomahawk hits you.
* * * LOW HITPOINT WARNING * * *
You see here 2 tomahawks.
An orc wizard appears from thin air!
Reactivating autopickup.
The orc priest calls down the wrath of Beogh upon you.
Beogh smites you!
You die...

#............##
, .
#............#
.
####..########
, . #..........
. #.#########
#.# #.# #.# **
,* #@#,, , #(#
, #)# #o#,, ,,


#oo , #S.. #.%.., , #..... , #.#.... You could see an orc warrior, 2 orc priests
and an adder.

Vanquished Creatures
  The ghost of TheWoodenMan the Chopper, an amateur HOFi (D:5)
  Sigmund (D:3)
  The ghost of Philosophy the Chopper, an amateur HOBe of Beogh (D:3)
  A hungry ghost (D:7)
  A sky beast (D:5)
  An ogre (D:6)
  2 centaurs (D:5)
  A bullfrog (D:6)
  2 water moccasin zombies
  A scorpion (D:4)
  A howler monkey (D:5)
  3 crimson imps (D:5)
  A bullfrog skeleton (D:5)
  3 orc priests
  3 hounds
  A jelly (D:6)
  Terence (D:3)
  A centaur skeleton (D:4)
  An iguana (D:4)
  Ijyb (D:2)
  Natasha (thrice) (D:3)
  6 orc wizards
  3 worker ants
  7 adders
  An ooze (D:5)
  A dart slug (D:3)
  4 leopard geckos
  17 orcs
  11 bats
  5 giant cockroaches
  7 hobgoblins
  14 jackals
  6 kobolds
  4 quokkas
  A ball python (D:4)
  5 frilled lizards
  7 goblins
  A leopard gecko skeleton (D:5)
  A quokka skeleton (D:4)
  2 rats (D:3)
134 creatures vanquished.

Vanquished Creatures (others)
  An orc wizard (D:6)
1 creature vanquished.

Grand Total: 135 creatures vanquished

Notes
Turn   | Place    | Note
-------+----------+-------------------------------------------
     0 | D:1      | tomat the Troll Fighter began the quest for the Orb.
     0 | D:1      | Reached XP level 1. HP: 22/22 MP: 0/0
   162 | D:1      | Reached XP level 2. HP: 29/29 MP: 1/1
   501 | D:1      | Reached skill level 2 in Maces & Flails
  1063 | D:2      | Reached XP level 3. HP: 36/36 MP: 2/2
  1128 | D:2      | Noticed Ijyb
  1135 | D:2      | Killed Ijyb
  1138 | D:2      | Found a shattered altar of Ashenzari.
  1353 | D:2      | Reached XP level 4. HP: 44/44 MP: 3/3
  1628 | D:3      | Noticed Terence
  1647 | D:3      | Killed Terence
  1726 | D:3      | Noticed Natasha
  1748 | D:3      | Killed Natasha
  1748 | D:3      | Reached XP level 5. HP: 46/52 MP: 4/4
  1940 | D:3      | Noticed Natasha
  1951 | D:3      | Killed Natasha
  1984 | D:3      | Noticed Natasha
  1997 | D:3      | Killed Natasha
  1997 | D:3      | Reached skill level 3 in Maces & Flails
  2169 | D:3      | Noticed Sigmund
  2225 | D:3      | Killed Sigmund
  2225 | D:3      | Reached XP level 6. HP: 23/61 MP: 5/5
  2486 | D:3      | Noticed Philosophy's ghost (amateur HOBe)
  2521 | D:3      | Killed Philosophy's ghost
  2521 | D:3      | Reached skill level 4 in Maces & Flails
  2572 | D:4      | Reached XP level 7. HP: 67/67 MP: 6/6
  2765 | D:4      | Gained mutation: You have a pair of small antennae on your head. [potion of mutation]
  2765 | D:4      | Gained mutation: Armour fits poorly on your strangely shaped body. [potion of mutation]
  2765 | D:4      | Gained mutation: You passively map a small area around you. [potion of mutation]
  3295 | D:5      | Entered Level 5 of the Dungeon
  3348 | D:5      | Found a staircase to the Ecumenical Temple.
  3524 | D:5      | Noticed TheWoodenMan's ghost (amateur HOFi)
  3540 | D:5      | Killed TheWoodenMan's ghost
  3540 | D:5      | Reached skill level 5 in Maces & Flails
  3540 | D:5      | Reached XP level 8. HP: 63/75 MP: 7/7
  3932 | D:5      | Found Quujoen's General Store.
  3962 | D:5      | Reached skill level 6 in Maces & Flails
  4051 | D:5      | Reached skill level 5 in Dodging
  4102 | D:5      | Reached skill level 5 in Shields
  4664 | D:6      | Reached XP level 9. HP: 80/84 MP: 5/8
  4682 | D:6      | Found a glowing golden altar of the Shining One.
  4689 | D:6      | Became a worshipper of the Shining One
  5076 | D:7      | Found Yshroced's Distillery.
  5084 | D:7      | Bought a potion of heal wounds for 65 gold pieces
  5230 | D:7      | HP: 3/84 [orc priest/divine providence (13)]
  5375 | D:7      | Killed from afar by an orc priest

Skill      XL: |  1  2  3  4  5  6  7  8 |
---------------+-------------------------+-----
Maces & Flails | 2 3 4 5 6 |  6.9
Shields        | 3 4 5 |  5.3
Dodging        | 3 4 5 |  5.6
Fighting       | 3 4 |  4.2
Polearms       | |  0.4
Stealth        | |  0.5

Action                   |  1- 3 |  4- 6 |  7- 9 || total
-------------------------+-------+-------+-------++-------
Melee: Flail             |   109 |    47 |       ||   156
       Trident           |    20 |       |       ||    20
       Mace              |       |   150 |   444 ||   594
Throw: Tomahawk          |       |       |     1 ||     1
  Use: Potion            |       |     1 |     9 ||    10
       Scroll            |       |       |    14 ||    14
  Eat: Chunk             |     9 |    13 |    23 ||    45
       Bread ration      |     1 |       |     2 ||     3
Armor: Robe              |    67 |   119 |   158 ||   344
       Skin              |       |    10 |       ||    10
Dodge: Dodged            |    47 |    92 |   152 ||   291
Block: Shield            |   100 |   104 |   208 ||   412
